 Dungeon Crawl Stone Soup version 0.21.0-3-g78d12a8 (webtiles) character file.

17418 Suckerboh the Unseen (level 12, -4/56 HPs)
             Began as a Spriggan Enchanter on Jan 9, 2018.
             Was an Elder of Dithmenos.
             Killed from afar by a manticore (11 damage)
             ... with a volley of spikes
             ... summoned by Kirke
             ... on level 12 of the Dungeon.
             The game lasted 00:37:22 (13947 turns).

Suckerboh the Unseen (Spriggan Enchanter)          Turns: 13947, Time: 00:37:23

Health: -4/56      AC:  2    Str:  4    XL:     12   Next: 18%
Magic:  4/26       EV: 25    Int: 20    God:    Dithmenos [****..]
Gold:   616        SH:  0    Dex: 18    Spells: 16/29 levels left

rFire    + . .     SeeInvis +   a - +1 dagger (drain)
rCold    + . .     Gourm    .   (shield restricted)
rNeg     + . .     Faith    .   J - +0 robe
rPois    .         Spirit   .   (helmet restricted)
rElec    .         Reflect  .   A - scarf {rC+ rF+}
rCorr    +         Harm     .   (gloves unavailable)
MR       ++...                  (boots unavailable)
Stlth    +++++++++.             (no amulet)
HPRegen  0.18/turn              l - ring of resist corrosion
MPRegen  0.20/turn              o - ring of positive energy

@: about to teleport, barbed spikes, very slightly contaminated, wreathed by
umbra, very quick
A: very small, unfitting armour, see invisible, herbivore, speed 3, slow
metabolism 2
a: Shadow Step, Renounce Religion


You were on level 12 of the Dungeon.
You worshipped Dithmenos.
Dithmenos was greatly pleased with you.
You were not hungry.

You visited 2 branches of the dungeon, and saw 13 of its levels.

You collected 616 gold pieces.

Inventory:

Hand Weapons
 a - a +1 dagger of draining (weapon)
 i - a +1 dagger
 H - the cursed +1 long sword "Heducaxa" {pain, rN+, unknown}
   (You found it on level 7 of the Dungeon)

   In the hands of one skilled in necromantic magic, it inflicts extra damage on
   living creatures.
   It protects you from negative energy.
   It has a curse placed upon it.
Armour
 b - a +2 robe of fire resistance
 r - a +0 cloak
 A - a scarf of resistance (worn)
 J - a +0 robe (worn)
Jewellery
 l - a ring of resist corrosion (left hand)
 o - a ring of positive energy (right hand)
 v - an uncursed amulet of harm {unknown}
 y - a cursed -3 ring of dexterity {unknown}
 K - a cursed ring of loudness {unknown}
 L - an uncursed ring of wizardry {unknown}
Wands
 n - a wand of digging (71)
 x - a wand of acid (11)
 I - a wand of scattershot (10)
Scrolls
 e - 16 scrolls of identify
 f - a scroll of teleportation
 g - 4 scrolls of remove curse
 j - 2 scrolls of noise {unknown}
 k - 4 scrolls of magic mapping
 m - 2 scrolls of enchant armour {unknown}
 p - 2 scrolls of fog
 q - a scroll of random uselessness {unknown}
 t - 2 scrolls of amnesia
 u - 4 scrolls of immolation
 z - a scroll of blinking
 M - a scroll of vulnerability {unknown}
Potions
 h - 4 potions of curing
 s - 2 potions of magic {unknown}
 w - 3 potions of haste {unknown}
 B - 2 potions of heal wounds {unknown}
 C - a potion of agility {unknown}
 D - 3 potions of lignification {unknown}
 F - a potion of berserk rage {unknown}
 G - a potion of brilliance {unknown}
 O - a potion of might
Books
 c - a book of Maledictions

   Spells                             Type                      Level
   a - Corona                         Hexes                        1
   b - Ensorcelled Hibernation        Hexes/Ice                    2
   c - Confuse                        Hexes                        3
   d - Tukima's Dance                 Hexes                        3
   e - Dazzling Spray                 Conjuration/Hexes            3
 E - a book of Debilitation

   Spells                             Type                      Level
   a - Corona                         Hexes                        1
   b - Slow                           Hexes                        2
   c - Inner Flame                    Hexes/Fire                   3
   d - Portal Projectile              Hexes/Translocation          3
   e - Cause Fear                     Hexes                        4
   f - Leda's Liquefaction            Hexes/Earth                  4
 N - a book of Beasts

   Spells                             Type                      Level
   a - Summon Butterflies             Summoning                    1
   b - Call Canine Familiar           Summoning                    3
   c - Summon Ice Beast               Ice/Summoning                4
   d - Summon Mana Viper              Hexes/Summoning              5
   e - Summon Hydra                   Summoning                    7
Comestibles
 d - 16 rations


   Skills:
 + Level 2.4 Fighting
 + Level 6.4 Short Blades
 * Level 8.8 Dodging
 * Level 17.9 Stealth
 - Level 9.4 Spellcasting
 * Level 12.3 Hexes
 - Level 1.0 Ice Magic
 * Level 2.8 Invocations
 * Level 3.5 Evocations


You had 16 spell levels left.
You knew the following spells:

 Your Spells              Type           Power        Failure   Level  Hunger
a - Corona                Hex            ######.      1%          1    None
b - Ensorcelled Hibernat  Hex/Ice        #####.       1%          2    None
c - Confuse               Hex            ######..     1%          3    None
d - Dazzling Spray        Conj/Hex       ####..       1%          3    None
e - Cause Fear            Hex            ######....   1%          4    ###....


Dungeon Overview and Level Annotations

Branches:
Dungeon (12/15)            Temple (1/1) D:7            Lair (0/6) D:10
    Orc (0/2) D:12

Altars:
Ashenzari
Cheibriados
Dithmenos
Elyvilon
Fedhas
Gozag
Hepliaklqana
Kikubaaqudgha
Okawaru
Qazlal
Ru
Sif Muna
Uskayaw
Vehumet
Xom
Zin
The Shining One

Annotations:
D:5 1 runed door
D:12 Kirke, Rupert


Innate Abilities, Weirdness & Mutations

You are very small and have problems with some larger weapons.
You are too small for most types of armour.
You have supernaturally acute eyesight. (SInv)
You are a herbivore.
You cover ground extremely quickly.
You need consume almost no food.


Message History

The sphinx hits you!
* * * LOW HITPOINT WARNING * * *
The sphinx closely misses you. Kirke misses you.
You feel better. The manticore completely misses you.
The manticore barely misses you. The manticore misses you.
The sphinx casts a spell.
You easily resist.
Kirke casts a spell at you.
You easily resist.
Blink to where?
Press: ? - help, Dir - move target cursor, p - Kirke You are very lightly contaminated with residual magic.
As you read the scroll labeled ZIXAMO DIEMM, it crumbles to dust.
It was a scroll of blinking.
As you read the scroll labeled ZAN CIOCUOFU, it crumbles to dust.
You feel strangely unstable.
It was a scroll of teleportation.
The manticore flicks its tail.
The volley of spikes hits you!
The barbed spikes become lodged in your body.
You die...

########## # #........# #
#........#***###### #
#^.......#*,,,....###*** #
#........#*,,,..#.#..,,* #
#...§§...######.#.#.#*,* * #
#§§§§§....@...#.#.#.#*,* *
#######§§§@H†..####.#<#h#.#*,****
.......§§H§§........@....>#*,,,,,
#####..§####.######.#.#.#.#######
....................###.#..@..H.#
#####...####.#####..# #.#..####.#
.# #...# #......#.#*#.#h.# #.# .#
#...# ######.#........# #.# .#
#...# #.#..##.#.#####.#


You could see Kirke (invisible) and a manticore.

Vanquished Creatures
  A hydra (D:12)
  Erica (D:8)
  4 two-headed ogres
  Nergalle (D:10)
  An unseen horror (D:11)
  2 cyclopes
  An ugly thing (D:10)
  A centaur zombie (D:11)
  The ghost of PeterMcNeter the Conjurer, a novice DECj of Vehumet (D:5)
  2 trolls
  A hornet (D:11)
  A hippogriff (D:8)
  2 shadows
  2 wraiths
  A spriggan (D:7)
  7 hogs (D:12)
  A wyvern (D:8)
  A hungry ghost (D:10)
  An acid dragon (D:12)
  A soldier ant (D:11)
  A water moccasin (D:11)
  Duvessa (D:7)
  2 black bears (D:11)
  3 orc warriors
  6 sky beasts
  2 ice beasts
  2 phantoms
  7 ogres
  4 centaurs
  2 crocodiles
  8 bullfrogs
  2 big kobolds
  Dowan (D:7)
  4 scorpions
  23 killer bees
  8 wights
  7 howler monkeys
  2 bullfrog zombies
  6 crimson imps
  A quasit (D:7)
  Crazy Yiuf (D:2)
  4 centaur skeletons
  6 hounds
  4 jellies
  8 orc priests
  3 bullfrog skeletons
  20 orc wizards
  Terence (D:2)
  2 iguanas
  5 worker ants
  A killer bee zombie (D:10)
  A hound skeleton (D:5)
  2 worker ant zombies
  A howler monkey skeleton (D:9)
  7 gnolls
  9 adders
  2 shadow imps
  2 oozes (D:6)
  An adder skeleton (D:4)
  2 worms (D:2)
  3 dart slugs
  5 leopard geckos
  44 orcs
  A ball python (D:2)
  9 bats
  3 giant cockroaches
  9 goblins
  4 hobgoblins
  6 jackals
  3 quokkas
  7 frilled lizards
  10 kobolds
  A leopard gecko skeleton (D:6)
  2 rats
314 creatures vanquished.

Vanquished Creatures (collateral kills)
  2 killer bees
2 creatures vanquished.

Vanquished Creatures (others)
  A killer bee (D:11)
1 creature vanquished.

Grand Total: 317 creatures vanquished

Notes
Turn   | Place    | Note
-------+----------+-------------------------------------------
     0 | D:1      | Suckerboh the Spriggan Enchanter began the quest for the Orb.
     0 | D:1      | Reached XP level 1. HP: 9/9 MP: 5/5
   367 | D:1      | Reached XP level 2. HP: 13/13 MP: 6/6
  1067 | D:2      | Found a white marble altar of Elyvilon.
  1245 | D:2      | Reached skill level 5 in Stealth
  1433 | D:2      | Noticed Terence
  1456 | D:1      | Learned a level 2 spell: Ensorcelled Hibernation
  1478 | D:2      | Killed Terence
  1478 | D:2      | Reached XP level 3. HP: 6/16 MP: 6/8
  1830 | D:2      | Found a glowing golden altar of the Shining One.
  1995 | D:2      | Found a runed door.
  1999 | D:2      | Noticed Crazy Yiuf
  2003 | D:2      | Killed Crazy Yiuf
  2003 | D:2      | Reached XP level 4. HP: 21/21 MP: 6/9
  2543 | D:3      | Reached XP level 5. HP: 25/25 MP: 12/12
  3201 | D:4      | Reached skill level 6 in Stealth
  3223 | D:4      | Reached XP level 6. HP: 23/29 MP: 8/13
  4418 | D:5      | Entered Level 5 of the Dungeon
  4519 | D:5      | Noticed a water elemental
  4520 | D:5      | Found a stormy altar of Qazlal.
  4523 | D:5      | Noticed a fire elemental
  4523 | D:5      | Noticed an air elemental
  4567 | D:5      | Found a glowing silver altar of Zin.
  4572 | D:5      | Noticed a sky beast
  4572 | D:5      | Noticed an ice beast
  4575 | D:5      | Killed a sky beast
  4575 | D:5      | Reached skill level 5 in Spellcasting
  4575 | D:5      | Reached skill level 5 in Hexes
  4575 | D:5      | Reached skill level 1 in Ice Magic
  4575 | D:5      | Reached XP level 7. HP: 31/32 MP: 15/15
  4622 | D:5      | Learned a level 3 spell: Confuse
  4632 | D:5      | Reached skill level 1 in Fighting
  4888 | D:5      | Noticed PeterMcNeter's ghost (novice DECj)
  4938 | D:5      | Killed PeterMcNeter's ghost
  4938 | D:5      | Reached skill level 7 in Stealth
  5017 | D:5      | Found a glowing silver altar of Zin.
  5021 | D:5      | Found a runed door.
  5021 | D:5      | Noticed an angel
  5031 | D:5      | Reached skill level 5 in Dodging
  5157 | D:6      | Reached skill level 8 in Stealth
  5157 | D:6      | Reached XP level 8. HP: 37/37 MP: 10/18
  6857 | D:6      | Reached skill level 9 in Stealth
  7007 | D:6      | Reached XP level 9. HP: 18/42 MP: 3/21
  7188 | D:6      | Learned a level 3 spell: Dazzling Spray
  7247 | D:7      | Got an ancient long sword
  7647 | D:7      | Reached skill level 10 in Stealth
  7790 | D:7      | Noticed Dowan
  7792 | D:7      | Noticed Duvessa
  7796 | D:7      | Killed Dowan
  7814 | D:7      | Killed Duvessa
  7814 | D:7      | Reached skill level 5 in Short Blades
  8539 | D:7      | Found a staircase to the Ecumenical Temple.
  8549 | Temple   | Entered the Ecumenical Temple
  8582 | Temple   | Became a worshipper of Dithmenos the Shadowed
  8658 | D:8      | Reached skill level 11 in Stealth
  9090 | D:8      | Found a hazy altar of Hepliaklqana.
  9177 | D:8      | Noticed a two-headed ogre
  9192 | D:8      | Killed a two-headed ogre
  9192 | D:8      | Reached skill level 12 in Stealth
  9192 | D:8      | Reached XP level 10. HP: 46/46 MP: 18/24
  9269 | D:8      | Noticed Erica
  9275 | D:8      | Killed Erica
  9275 | D:8      | Reached skill level 13 in Stealth
  9292 | D:8      | Reached * piety under Dithmenos
  9864 | D:8      | Learned a level 4 spell: Cause Fear
  9936 | D:9      | Reached skill level 14 in Stealth
 10213 | D:9      | Reached skill level 10 in Hexes
 10272 | D:9      | Found a sacrificial altar of Ru.
 10834 | D:10     | Entered Level 10 of the Dungeon
 10869 | D:10     | Noticed Nergalle
 10896 | D:10     | Killed Nergalle
 11317 | D:10     | Noticed a red ugly thing
 11322 | D:10     | Killed a red ugly thing
 11322 | D:10     | Reached ** piety under Dithmenos
 11322 | D:10     | Reached skill level 15 in Stealth
 11322 | D:10     | Reached XP level 11. HP: 50/50 MP: 25/25
 11718 | D:10     | Found a staircase to the Lair.
 12060 | D:11     | Noticed a two-headed ogre
 12093 | D:11     | Killed a two-headed ogre
 12093 | D:11     | Reached skill level 1 in Evocations
 12171 | D:11     | Reached skill level 1 in Invocations
 12235 | D:11     | Reached *** piety under Dithmenos
 12238 | D:11     | Noticed a two-headed ogre
 12268 | D:11     | Reached skill level 16 in Stealth
 12273 | D:11     | Killed a two-headed ogre
 12548 | D:11     | Noticed an unseen horror
 12572 | D:11     | Killed an unseen horror
 13217 | D:12     | Found a staircase to the Orcish Mines.
 13311 | D:12     | Noticed an eight-headed hydra
 13382 | D:12     | Reached skill level 17 in Stealth
 13386 | D:12     | Reached **** piety under Dithmenos
 13487 | D:12     | Found a shimmering altar of Xom.
 13565 | D:12     | Killed an eight-headed hydra
 13565 | D:12     | Reached XP level 12. HP: 56/56 MP: 11/26
 13728 | D:12     | Noticed Rupert
 13728 | D:12     | Noticed Kirke
 13728 | D:12     | Noticed a two-headed ogre
 13781 | D:12     | Noticed a sphinx
 13853 | D:12     | Killed a two-headed ogre
 13943 | D:12     | Noticed a sphinx
 13944 | D:12     | HP: 1/56 [sphinx[Kirke] (7)]
 13947 | D:12     | Killed from afar by a manticore

Skill      XL: |  1  2  3  4  5  6  7  8  9 10 11 |
---------------+----------------------------------+-----
Hexes          | 4 5 7 9 10 12 | 12.3
Stealth        | 5 6 8 9 12 15 17 | 17.9
Spellcasting   | 3 4 5 6 7 9 |  9.4
Short Blades   | 2 3 4 5 6 |  6.4
Dodging        | 4 5 7 8 |  8.8
Ice Magic      | 1 |  1.0
Fighting       | 1 2 |  2.4
Evocations     | 3 |  3.5
Invocations    | 2 |  2.8

Action                   |  1- 3 |  4- 6 |  7- 9 | 10-12 || total
-------------------------+-------+-------+-------+-------++-------
Melee: Dagger            |   117 |   153 |   284 |   271 ||   825
 Cast: Ensorcelled Hiber |     1 |    30 |    74 |   110 ||   215
       Confuse           |       |       |    16 |    55 ||    71
       Dazzling Spray    |       |       |       |     8 ||     8
  Use: Scroll            |       |       |       |     7 ||     7
       Potion            |       |       |       |     1 ||     1
 Stab: Sleeping          |     9 |    18 |    63 |   103 ||   193
       Distracted        |     1 |       |       |     2 ||     3
       Confused          |       |       |    11 |    32 ||    43
  Eat: Ration            |       |     1 |     3 |     2 ||     6
Armor: Robe              |    10 |     9 |     9 |     3 ||    31
Dodge: Dodged            |    77 |   108 |   175 |   215 ||   575
